 Dungeon Sprint DCSS version 0.31-a0-496-g6f97920a28 (webtiles) character file.

Game seed: 8956268877111613193

1200 Midn8 the Severer (level 8, 0/86 HPs)
             Began as a Hill Orc Fighter on Aug 8, 2023.
             Was an Elder of Uskayaw.
             Slain by a yaktaur (13 damage)
             ... in the Dungeon (Sprint II: "The Violet Keep of Menkaure").
             The game lasted 00:01:28 (360 turns).

Midn8 the Severer (Hill Orc Fighter)                 Turns: 360, Time: 00:01:28

Health: 0/86       AC:  6    Str: 21    XL:     8   Next: 44%
Magic:  3/11       EV:  9    Int:  8    God:    Uskayaw [****..]
Gold:   486        SH:  4    Dex: 10    Spells: 7/7 levels left

rFire   . . .        a - +0 war axe
rCold   . . .        c - +0 buckler
rNeg    . . .        b - +0 scale mail
rPois   .            (no helmet)
rElec   .            (no cloak)
rCorr   .            (no gloves)
SInv    .            (no boots)
Will    .....        (no amulet) Stlth
                     (no ring)
HPRegen 0.34/turn    (no ring)
MPRegen 0.12/turn

%: no teleportation
@: slowed, very slow
A: no striking features
a: Renounce Religion, Stomp, Line Pass


You were in the Dungeon.
You worshipped Uskayaw.
Uskayaw was noncommittal.
You visited 1 branch You collected 486 gold pieces.

Inventory:

Hand Weapons
 a - a +0 war axe (weapon)
Armour
 b - a +0 scale mail (worn)
 c - a +0 buckler (worn)
Scrolls
 j - a scroll of blinking
Potions
 e - a potion of curing
 f - a potion of heal wounds
 g - a potion of haste
 h - 2 potions of magic
 i - a potion of berserk rage


   Skills:
 + Level 13.1 Fighting
 - Level 18.0 Axes
 - Level 3.2 Armour
 - Level 3.2 Shields
 + Level 5.2 Invocations


You had 7 spell levels left.
You didn't know any spells.
Your spell library was empty.

Dungeon Overview and Level Annotations

Branches:
Dungeon (1/1)

Altars:
Cheibriados
Dithmenos
Elyvilon
Fedhas
Gozag
Hepliaklqana
Kikubaaqudgha
Makhleb
Nemelex Xobeh
Okawaru
Qazlal
Ru
Sif Muna
Trog
Uskayaw
Vehumet
Wu Jian
Xom
Yredelemnul
Zin
The Shining One
Beogh
Jiyva
Lugonu


Message History

The polar bear is heavily wounded.
The polar bear bites you.
* * * LOW HITPOINT WARNING * * *
The polar bear claws you.
* * * LOW HITPOINT WARNING * * *
The polar bear claws you.
* * * LOW HITPOINT WARNING * * *
You hit the polar bear but do no damage.
The polar bear is heavily wounded.
Unknown command.
Okay, then.
Okay, then.
Aiming: Line Pass
Press: ? - help, Dir - move target The polar bear appears confused.
The hornet appears confused.
The yaktaur hits you but does no damage.
Unknown command.
Unknown command.
You slash the yaktaur!
The yaktaur is heavily wounded.
You hit the hornet.
You catch the helpless polar bear completely off-guard!
You slash the polar bear! The hornet misses you.
The polar bear bites you but does no damage.
The polar bear claws you but does no damage.
The polar bear claws you.
* * * LOW HITPOINT WARNING * * *
The polar bear bites itself.
The polar bear claws itself but does no damage. x2
The yaktaur completely misses you.
Unknown command.
You slash the yaktaur!
The yaktaur is severely wounded.
You catch the helpless hornet completely off-guard!
You hit the hornet. You slash the polar bear!
You kill the polar bear!
The hornet seems less confused.
The hornet stings you!
* * * LOW HITPOINT WARNING * * *
You feel yourself slow down. The yaktaur hits you!
You die... #. .#### +.### ...# ...# ###..## #..# $# $?!:!

#+###.##..# +.^# . ▓$[(?$!
#.##...#..# #..# .#▓($)())$
.<.†##.'..####..##.#▓$)!$[([
#.##...#....###y@.##▓▓▓▓▓▓▓+
#†###.##......§†~c~~~~~~~~~
.#.####~~....§~#†########+###
.#..#~~~~§~~.§~#†._._._.#S~§##
#.###~~~§~~§§.~#._._._..#S~§≈#
#+##~~~§§§§§~~~#_._._._.#~~§§≈
~~~~~~≈≈≈§§§~#._._._._#§§§§§
+++#~≈§§≈§§§~#.._._._.#~~§~§
##≈§§###≈≈#..._._._#§§§§§


You could see a yaktaur and a hornet.

Vanquished Creatures
  A merfolk siren (D)
  3 polar bears (D)
  Menkaure (D)
  4 scorpions (D)
  4 necrophages (D)
13 creatures vanquished.

Vanquished Creatures (others)
  A water moccasin (D)
1 creature vanquished.

Grand Total: 14 creatures vanquished

Notes
Turn   | Place    | Note
-------+----------+-------------------------------------------
     0 | D        | Midn8 the Hill Orc Fighter began the quest for the Orb.
     0 | D        | Reached XP level 1. HP: 19/19 MP: 1/1
     1 | D        | Noticed a merfolk siren
    14 | D        | Killed a merfolk siren
    15 | D        | Reached skill level 14 in Axes
    15 | D        | Reached XP level 2. HP: 22/38 MP: 2/2
    15 | D        | Reached XP level 3. HP: 27/45 MP: 3/3
    15 | D        | Reached XP level 4. HP: 30/51 MP: 4/4
    15 | D        | Reached XP level 5. HP: 35/58 MP: 5/5
    15 | D        | Reached XP level 6. HP: 39/66 MP: 6/6
    19 | D        | Reached skill level 10 in Fighting
    20 | D        | Reached skill level 15 in Axes
    20 | D        | Reached XP level 7. HP: 45/73 MP: 7/7
   133 | D        | Reached skill level 16 in Axes
   142 | D        | Reached skill level 17 in Axes
   148 | D        | Noticed Menkaure
   157 | D        | Killed Menkaure
   222 | D        | Found a roughly hewn altar of Beogh.
   223 | D        | Found a hazy altar of Hepliaklqana.
   223 | D        | Found a snail-covered altar of Cheibriados.
   224 | D        | Found a stormy altar of Qazlal.
   224 | D        | Found a viscous altar of Jiyva.
   224 | D        | Found a shadowy altar of Dithmenos.
   225 | D        | Found a sacrificial altar of Ru.
   225 | D        | Found an ancient bone altar of Kikubaaqudgha.
   225 | D        | Found a white marble altar of Elyvilon.
   226 | D        | Found an ornate altar of the Wu Jian Council.
   226 | D        | Found a shimmering blue altar of Sif Muna.
   226 | D        | Found a corrupted altar of Lugonu.
   227 | D        | Found a shimmering altar of Xom.
   227 | D        | Found a bloodstained altar of Trog.
   227 | D        | Found a burning altar of Makhleb.
   228 | D        | Found a glowing golden altar of the Shining One.
   228 | D        | Found a basalt altar of Yredelemnul.
   228 | D        | Found a hide-covered altar of Uskayaw.
   230 | D        | Found a glowing silver altar of Zin.
   230 | D        | Found a radiant altar of Vehumet.
   230 | D        | Found a blossoming altar of Fedhas.
   230 | D        | Found a sparkling altar of Nemelex Xobeh.
   231 | D        | Found an opulent altar of Gozag.
   231 | D        | Found an iron altar of Okawaru.
   238 | D        | Became a worshipper of Uskayaw the Reveller
   342 | D        | Noticed a yaktaur
   342 | D        | Noticed a hornet
   342 | D        | Noticed a polar bear
   342 | D        | Noticed a polar bear
   342 | D        | Noticed a polar bear
   347 | D        | Reached * piety under Uskayaw
   350 | D        | Reached ** piety under Uskayaw
   351 | D        | Reached *** piety under Uskayaw
   353 | D        | Killed a polar bear
   353 | D        | Killed a polar bear
   353 | D        | Reached **** piety under Uskayaw
   354 | D        | Reached skill level 18 in Axes
   354 | D        | Reached skill level 5 in Invocations
   354 | D        | Reached XP level 8. HP: 43/86 MP: 7/11
   360 | D        | Killed a polar bear
   360 | D        | Slain by a yaktaur

Illustrated notes

Levels and vault maps discovered:
D:        the_violet_keep_of_menkaure [sprint2_stairs_cluster_1,
          sprint2_shoproom, sprint2_temple, sprint2_basic_supplies,
          sprint2_obstacle_1, sprint2_obstacle_4, sprint2_obstacle_7,
          sprint2_obstacle_2, sprint2_obstacle_6, sprint2_timed_cluster_1,
          sprint2_smallroom_cluster_1, sprint2_smallroom_final_cluster_1,
          sprint2_transparent_cluster_1, sprint2_second_timed_cluster_1,
          sprint2_sniper_area_1, sprint2_heavy_combat_area_1,
          sprint2_mutation_trap_area_1, sprint2_forest_area_1,
          sprint2_light_combat_area_1, sprint2_behind_water_1,
          sprint2_near_end_vault_1]

Skill      XL: |  1  2  3  4  5  6  7 |
---------------+----------------------+-----
Fighting       | 9 10 13 | 13.1
Axes           | 14 15 18 | 18.0
Invocations    | 5 |  5.2
Armour         | |  3.2
Shields        | |  3.2

Action                     |  1- 3 |  4- 6 |  7- 9 || total
---------------------------+-------+-------+-------++-------
  Melee: War axe           |    11 |     2 |    40 ||    53
 Invoke: Line Pass         |       |       |     1 ||     1
    Use: Potion            |     1 |       |       ||     1
   Stab: Paralysed         |       |       |     4 ||     4
         Confused          |       |       |     2 ||     2
 Armour: Scale mail        |       |       |    12 ||    12
  Dodge: Dodged            |       |       |    13 ||    13
  Block: Buckler           |       |     1 |     3 ||     4

Table legend: (Time is in decaauts)
 A = Elapsed time spent in this place.
 B = Non-inter-level travel time spent in this place.
 C = Inter-level travel time spent in this place.
 D = Time resting spent in this place.
 E = Time spent auto-exploring this place.
 F = Levels seen in this place.
 G = Mean time per level.
                   A        B        C        D        E       F      G
               +--------+--------+--------+--------+--------+-----+--------+
         Total |    355 |    355 |      0 |    256 |      0 |   1 |  355.0 |
       Dungeon |    355 |    355 |      0 |    256 |      0 |   1 |  355.0 |
               +--------+--------+--------+--------+--------+-----+--------+

Top non-repeatable levels by time:
       D: 355 daAuts
